 Dungeon Sprint DCSS version bcrawl-1.23.1 (webtiles) character file.

Game seed: 8063728408259040380

6890827 pasperui the Conqueror (level 23, 262/262 HPs)
             Began as a Naga Fighter on May 26, 2020.
             Was the Champion of Cheibriados.
             Escaped with the Orb
             ... and 3 runes on May 27, 2020!
             The game lasted 01:39:45 (9091 turns).

pasperui the Conqueror (Naga Fighter)               Turns: 9091, Time: 01:39:46

Health: 262/262    AC: 55    Str: 45    XL:     23   Next: 83%
Magic:  54/54      EV: 31    Int: 25    God:    Cheibriados [******]
Gold:   378        SH: 20    Dex: 30    Spells: 71/76 levels left

rFire    + + +     SeeInvis +   m - +5 triple sword "Bawaeron" {slice, Fragile MR+ Dex+2}
rCold    + + +     Gourm    .   (shield currently unavailable)
rNeg     + + .     Faith    .   T - +14 gold dragon scales
rPois    +         Spirit   .   F - +0 hat of Fun and Games {rN++ Regen+ Int-3}
rElec    +         Reflect  +   z - +1 cloak {MR+}
rCorr    .         Harm     .   U - +2 pair of gloves of Too Many Cooks {rPois rF+ Str+3 Dex-4}
MR       ++++.     Clarity  +   (no barding) Stlth +.........NoTele +
                                A - amulet "Faor" {Reflect rC+ Slay+2 SH+4}
HPRegen  0.93/turn              c - ring "Tyojei" {rF+ rC+ AC+6 Int+2}
MPRegen  0.34/turn              a - ring "Raos" {Wiz rElec Str+3 Dex+4}

@: very slow
A: large, see invisible, clarity, deformed body, sense surroundings 1, poison
resistance, slowness 2, slow metabolism 1, spit poison 1, constrict 1, AC +7
0: Orb of Zot
}: 3/3 runes: silver, golden, iron
a: Spit Poison, Bend Time, Temporal Distortion, Slouch, Step From Time, Renounce
Religion


You escaped.
You worshipped Cheibriados.
Cheibriados was exalted by your worship.
You were not hungry.

You visited 1 branch You collected 378 gold pieces.

Inventory:

Hand Weapons
 m - the +5 triple sword "Bawaeron" (weapon) {slice, Fragile MR+ Dex+2}
   (You found it in the Dungeon)

   It inflicts extra damage upon your enemies.
   It affects your dexterity (+2).
   It affects your resistance to hostile enchantments.
   It will be destroyed if unequipped.
 y - the +9 demon blade of Kismet {vamp, Str+2 Dex+4}
   (You found it in the Dungeon)

   It inflicts no extra harm, but heals its wielder when it wounds a living foe.
   It affects your strength (+2).
   It affects your dexterity (+4).
 L - a +5 scimitar of holy wrath
 N - a +2 great sword of slicing
Missiles
 w - 982 stones (quivered)
Armour
 l - a +3 large shield of reflection
 z - a +1 cloak of magic resistance (worn)
 F - the +0 hat of Fun and Games (worn) {rN++ Regen+ Int-3}
   (You found it in the Dungeon)

   It affects your intelligence (-3).
   It greatly protects you from negative energy.
   It increases your rate of regeneration.
 Q - a scarf of clouds
 T - +14 gold dragon scales (worn)
 U - the +2 pair of gloves of Too Many Cooks (worn) {rPois rF+ Str+3 Dex-4}
   (You found it in the Dungeon)

   It affects your strength (+3).
   It affects your dexterity (-4).
   It protects you from fire.
   It protects you from poison.
Jewellery
 a - the ring "Raos" (right hand) {Wiz rElec Str+3 Dex+4}
   (You found it in the Dungeon)

   [ring of wizardry]

   It improves your spell success rate.
   It affects your strength (+3).
   It affects your dexterity (+4).
   It insulates you from electricity.
 c - the ring "Tyojei" (left hand) {rF+ rC+ AC+6 Int+2}
   (You found it in the Dungeon)

   [ring of protection]

   It affects your AC (+6).
   It affects your intelligence (+2).
   It protects you from fire.
   It protects you from cold.
 j - the ring of the Thoughtful Lovers {rElec SInv}
   (You found it in the Dungeon)

   [ring of see invisible]

   It insulates you from electricity.
   It lets you see invisible.
 k - the ring "Xangaugo" {rF+ MR+ Int+2 Slay-6}
   (You found it in the Dungeon)

   [ring of protection from magic]

   It affects your intelligence (+2).
   It affects your accuracy and damage with ranged weapons and melee attacks
   (-6).
   It protects you from fire.
   It affects your resistance to hostile enchantments.
 n - the ring "Sogid" {rC+ Str+6}
   (You found it in the Dungeon)

   [ring of protection from cold]

   It affects your strength (+6).
   It protects you from cold.
 o - a +5 ring of slaying
 p - the ring "Wearioc" {Wiz rElec Slay+2}
   (You found it in the Dungeon)

   [ring of wizardry]

   It improves your spell success rate.
   It affects your accuracy and damage with ranged weapons and melee attacks
   (+2).
   It insulates you from electricity.
 s - the ring of Ynlunu {+Fly rPois rF+ rC++ Stlth-}
   (You found it in the Dungeon)

   [ring of flight]

   It protects you from fire.
   It greatly protects you from cold.
   It protects you from poison.
   It lets you fly.
   It makes you less stealthy.
 x - a +6 ring of dexterity
 A - the amulet "Faor" (around neck) {Reflect rC+ Slay+2 SH+4}
   (You found it in the Dungeon)

   [amulet of reflection]

   It shields you and reflects attacks.
   It affects your accuracy and damage with ranged weapons and melee attacks
   (+2).
   It protects you from cold.
   It affects your SH (+4).
 G - the ring "Qyipto" {+Blink rC+ rN+ MR++ Dex-4}
   (You found it in the Dungeon)

   [ring of positive energy]

   It affects your dexterity (-4).
   It protects you from cold.
   It protects you from negative energy.
   It affects your resistance to hostile enchantments.
   It lets you blink.
 H - the ring of Codgh {Int+6 Dex+6}
   (You found it in the Dungeon)

   [ring of dexterity]

   It affects your intelligence (+6).
   It affects your dexterity (+6).
 J - the ring of Mirth {rF+ EV+6 Int+4 Dex-4 Stlth+}
   (You found it in the Dungeon)

   [ring of evasion]

   It affects your evasion (+6).
   It affects your intelligence (+4).
   It affects your dexterity (-4).
   It protects you from fire.
   It makes you more stealthy.
 K - the ring of Cetegian {rPois Str+3 Int+6}
   (You found it in the Dungeon)

   [ring of intelligence]

   It affects your strength (+3).
   It affects your intelligence (+6).
   It protects you from poison.
 M - the ring of Qerakoci {Fire Int+6}
   (You found it in the Dungeon)

   [ring of fire]

   It enhances your fire magic.
   It affects your intelligence (+6).
   It protects you from fire.
   It makes you vulnerable to cold.
 S - the ring "Viwn" {rN+ Str+6}
   (You found it in the Dungeon)

   [ring of positive energy]

   It affects your strength (+6).
   It protects you from negative energy.
 V - the amulet of Ixkokk {RegenMP +Blink rPois Dex+4}
   (You found it in the Dungeon)

   [amulet of magic regeneration]

   It increases your magic regeneration.
   It affects your dexterity (+4).
   It protects you from poison.
   It lets you blink.
 W - the amulet "Haogoz" {RegenMP *Drain Dex+3 Slay+6}
   (You found it in the Dungeon)

   [amulet of magic regeneration]

   It increases your magic regeneration.
   It affects your dexterity (+3).
   It affects your accuracy and damage with ranged weapons and melee attacks
   (+6).
   It causes draining when unequipped.
Wands
 E - a wand of paralysis (6)
 O - a wand of digging (6)
 Z - a wand of scattershot (8)
Scrolls
 d - 3 scrolls of vulnerability
 t - 5 scrolls of remove curse
 u - 7 scrolls of amnesia
 v - a scroll of summoning
 C - 3 scrolls of fear
 D - 4 scrolls of fog
Potions
 b - 2 potions of invisibility
 f - 14 potions of curing
 g - 19 potions of heal wounds
 h - 11 potions of haste
 i - a potion of lignification
 q - 6 potions of mutation
 r - a potion of might
 B - 3 potions of agility
 I - a potion of flight
 P - 2 potions of brilliance
 Y - a potion of resistance
Miscellaneous
 R - a lamp of fire
 X - a phial of floods
Comestibles
 e - 18 rations {!d}


   Skills:
 O Level 27 Fighting
 O Level 27 Long Blades
 - Level 14.3 Throwing
 O Level 27 Armour
 O Level 27 Dodging
 O Level 27 Stealth
 O Level 27 Shields
 O Level 27 Spellcasting
 - Level 23.6 Conjurations
 - Level 17.0 Translocations
 * Level 14.8 Poison Magic
 - Level 18.3 Invocations
 - Level 21.3 Evocations


You had 71 spell levels left.
You knew the following spells:

 Your Spells              Type           Power        Failure   Level  Hunger
a - Mephitic Cloud        Conj/Pois/Air  #######.     1%          3    None
b - Blink                 Tloc           N/A          0%          2    None

Your spell library contained the following spells:

 Spells                   Type           Power        Failure   Level  Hunger
 Apportation              Tloc           ######       0%          1    None
 Blink Other              Tloc           ######       0%          1    None
 Flame Tongue             Conj/Fire      #####        0%          1    None
 Shock                    Conj/Air       #####        0%          1    None
 Sting                    Conj/Pois      ####         0%          1    None
 Portal Projectile        Tloc           ######       0%          3    None
 Teleport Other           Tloc           #######.     0%          3    None
 Animate Skeleton         Necr           N/A          1%          1    None
 Beastly Appendage        Tmut           ####..       1%          1    None
 Infusion                 Chrm           ####....     1%          1    None
 Pain                     Necr           ####..       1%          1    None
 Sandblast                Erth           ####..       1%          1    None
 Slow                     Hex            ####....     1%          1    None
 Summon Butterflies       Summ           ####....     1%          1    None
 Ensorcelled Hibernation  Hex/Ice        ####..       1%          2    None
 Flaming Arrows           Chrm/Fire      ####....     1%          2    None
 Passwall                 Tmut/Erth      ####....     1%          2    None
 Poisonous Vapours        Pois/Air       ######       1%          2    None
 Sticks to Snakes         Tmut           ####....     1%          2    None
 Swiftness                Chrm/Air       ####....     1%          2    None
 Conjure Flame            Conj/Fire      #######.     1%          3    None
 Dazzling Spray           Conj/Hex       ######       1%          3    None
 Ignite Poison            Fire/Tmut/Pois ######..     1%          3    None
 Spider Form              Tmut/Pois      ###          1%          3    None
 Stone Arrow              Conj/Erth      ######       1%          3    None
 Olgreb's Toxic Radiance  Pois           #######..    1%          4    None
 Sticky Flame             Conj/Fire      #######.     1%          4    None
 Summon Scorpions         Summ/Pois      ######..     1%          4    None
 Bolt of Draining         Conj/Necr      #######...   1%          5    None
 Bolt of Magma            Conj/Fire/Erth ######....   1%          5    None
 Fireball                 Conj/Fire      #######...   1%          5    None
 Iskenderun's Battlesphe  Conj/Chrm      #######.     1%          5    None
 Lightning Bolt           Conj/Air       #######...   1%          5    None
 Venom Bolt               Conj/Pois      #######...   1%          5    None
 Conjure Ball Lightning   Conj/Air       #######...   1%          6    None
 Iron Shot                Conj/Erth      #######...   1%          6    None
 Confuse                  Hex            ####....     3%          3    None
 Inner Flame              Hex/Fire       N/A          3%          3    None
 Regeneration             Chrm/Necr      ####......   3%          3    None
 Static Discharge         Air            ####....     3%          3    None
 Vampiric Draining        Necr           ####......   3%          3    None
 Icicle Burst             Conj/Ice       #######...   8%          7    ##.....
 Mana Rupture             Conj/Hex       #######...   8%          7    ##.....
 Airstrike                Air            ####......   11%         4    None
 Animate Dead             Necr           N/A          11%         4    None
 Ice Form                 Ice/Tmut       ####....     11%         4    None
 Petrify                  Tmut/Erth      ####....     11%         4    None
 Yara's Violent Unravell  Hex/Tmut       ####......   11%         4    None
 Infestation              Hex/Tmut/Pois  ######...    21%         6    None
 Malign Gateway           Summ/Tloc      ######....   26%         7    ##.....
 Blade Hands              Tmut           ####......   28%         5    None
 Lee's Rapid Deconstruct  Erth           ####......   28%         5    None
 Metabolic Englaciation   Hex/Ice        ####......   28%         5    None
 Piercing Shot            Chrm           ####......   28%         5    None
 Silence                  Hex/Air        ####......   28%         5    None
 Summon Lightning Spire   Summ/Air       ####....     28%         5    None
 Chain Lightning          Conj/Air       #######...   45%         8    ####...
 Lehudib's Crystal Spear  Conj/Erth      #######...   45%         8    ####...
 Borgnjor's Vile Clutch   Necr/Erth      ####......   82%         6    None
 Darkness                 Hex            ####......   82%         6    None
 Deflect Missiles         Chrm/Air       ####......   82%         6    None
 Shadow Creatures         Summ           N/A          82%         6    None
 Statue Form              Tmut/Erth      ####.....    82%         6    None
 Time Stop                Chrm/Tloc      N/A          88%         8    ####...
 Glaciate                 Conj/Ice/Air   ######....   93%         8    ####...
 Haunt                    Necr/Summ      ####......   100%        7    ##.....
 Monstrous Menagerie      Summ           ####......   100%        7    ##.....
 Summon Greater Demon     Summ           ####......   100%        7    ##.....
 Discord                  Hex            ####......   100%        8    ####...
 Summon Horrible Things   Summ           ####......   100%        8    ####...
 Fire Storm               Conj/Fire      #######...   100%        9    ######.
 Shatter                  Erth           ####......   100%        9    ######.
 Tornado                  Air            ####......   100%        9    ######.
 Passage of Golubria      Tloc           Unusable     N/A         5    N/A

Dungeon Overview and Level Annotations

Branches:
Dungeon (1/1)

Altars:
Ashenzari
Cheibriados
Dithmenos
Elyvilon
Fedhas
Gozag
Hepliaklqana
Kikubaaqudgha
Lugonu
Makhleb
Nemelex Xobeh
Okawaru
Qazlal
Ru
Sif Muna
Trog
Uskayaw
Vehumet
Wu Jian
Xom
Yredelemnul
Zin
The Shining One
Beogh
Jiyva


Innate Abilities, Weirdness & Mutations

You cannot wear boots.
Your serpentine skin is tough. (AC +7)
You have supernaturally acute eyesight. (SInv)
Armour fits poorly on your strangely shaped body.
Your system is resistant to poisons. (rPois)
You cover ground very slowly.
You have a slow metabolism.
You can spit poison.
You can use your snake-like lower body to constrict enemies.
You possess an exceptional clarity of mind.
You passively map a small area around you.


Message History

Cheibriados thoroughly appreciates the change of pace.
You feel somewhat more hungry. You block the balrug's attack.
You slash the balrug!
You kill the balrug!
Cheibriados appreciates the change of pace.
Your Poison Magic skill increases to level 14!
There is a huge open gate to the Vestibule (Extremely Hard) here.
You see here a +0 robe.
Items here: ( )) [[ a cursed +0 leather armour; 248 arrows; a +0 longbow; a +0 scale mail a +0 short sword
There is a huge open gate to the Grid Vault (Hard) here.
There is a huge open gate to the Main Hall (Safe), spattered with blood here.
There is a huge open gate to the Grid Vault (Hard) here.
There is a huge open gate to the Grid Vault (Hard) here.
Things that are here:
a +0 short sword x2
There is an open door to the Entrance Hall (Safe), spattered with blood here.
There is a staircase leading out of the dungeon here.
You have escaped!

##########.##................''..
#...........'................''..
#'#####'#####......#..#......##..
#.#..#.)...##...)............##..
#.#))#####'#####'#####''#########
#.#).#...).##.......##''##### ##
#.#.)#.....##.......##......# #.
#.#[[###'####.......##......# *#
#.##'#.....##...@...###....## ##
#.#........##.......# ##)'## ###.
#.#........##.......###....###)..
#'###########.......##......#....
#.).....#..###########......'....
#...#...#.############......#....
#...#...#.#....#...[###....###...
#.##.##.#รท#....#....# ##++##
###.
#...#...#)'....'..))#**St..#* ##


There were no monsters in sight!

Vanquished Creatures
  Ignacio (D)
  Dissolution (D)
  Ereshkigal (D)
  Mennas (D)
  3 orbs of fire (D)
  6 ancient liches (D)
  Xtahua (D)
  6 greater mummies (D)
  Boris (D)
  3 golden dragons (D)
  A Killer Klown (D)
  the Lernaean hydra (D)
  Margery (D)
  Frederick (D)
  Jory (D)
  3 pandemonium lords (D)
  Geryon (D)
  4 pearl dragons (D)
  4 Brimstone Fiends (D)
  Nikola (D)
  5 bone dragons (D)
  5 electric golems (D)
  3 tentacled monstrosities (D)
  7 Shadow Fiends (D)
  3 hellephants (D)
  8 liches (D)
  26 Orb Guardians (D)
  An Ice Fiend (D)
  3 Hell Sentinels (D)
  9 titans (D)
  4 deep elf blademasters (D)
  2 Executioners (D)
  3 acid blobs (D)
  A quicksilver dragon (D)
  4 deep elf master archers (D)
  2 sphinxes (D)
  A storm dragon (D)
  2 shadow dragons (D)
  A nagaraja (D)
  5 frost giants (D)
  An azure jelly (D)
  2 daevas (D)
  A fire giant (D)
  2 deep elf sorcerers (D)
  Louise (D)
  3 draconian knights (D)
  6 balrugs (D)
  4 draconian monks (D)
  3 orc warlords (D)
  A ghost moth (D)
  2 draconian shifters (D)
  Aizul (D)
  4 cacodemons (D)
  4 ghouls (D)
  A stone giant (D)
  2 draconian annihilators (D)
  A spriggan defender (D)
  6 vampire knights (D)
  5 deep elf demonologists (D)
  5 black draconians (D)
  2 reapers (D)
  2 green draconians (D)
  2 lorocyprocas (D)
  2 deep elf annihilators (D)
  A white draconian (D)
  5 red draconians (D)
  2 purple draconians (D)
  3 yellow draconians (D)
  A deep elf death mage (D)
  3 blizzard demons (D)
  5 ettins (D)
  2 green deaths (D)
  Snorg (D)
  4 mummy priests (D)
  4 yaktaur captains (D)
  A death ooze (D)
  3 ogre magi (D)
  2 deep elf high priests (D)
  2 naga warriors (D)
  2 vault guards (D)
  3 fire dragons (D)
  A rakshasa (D)
  An ice dragon (D)
  Harold (D)
  A death knight (D)
  A hell beast (D)
  2 spriggan air magi (D)
  An anaconda (D)
  An iron elemental (D)
  2 catoblepae (D)
  2 merfolk avatars (D)
  A merfolk aquamancer (D)
  2 alligators (D)
  6 two-headed ogres (D)
  2 dancing weapons (D)
  A sea snake (D)
  3 hell hogs (D)
  A spriggan berserker (D)
  3 death yaks (D)
  3 vampire magi (D)
  A soul eater (D)
  4 deep elf knights (D)
  16 deep trolls (D)
  A fire crab (D)
  4 sun demons (D)
  13 hell knights (D)
  6 iron trolls (D)
  9 skeletal warriors (D)
  A shadow wraith (D)
  A spriggan druid (D)
  2 cherubim (D)
  A wizard (D)
  2 unseen horrors (D)
  2 lindwurms (D)
  8 cyclopes (D)
  2 swamp dragons (D)
  3 ugly things (D)
  5 necromancers (D)
  9 orc knights (D)
  2 deep elf magi (D)
  A large abomination (D)
  A guardian serpent (D)
  A moth of wrath (D)
  A naga mage (D)
  Maurice (D)
  5 black mambas (D)
  A rust devil (D)
  A gargoyle (D)
  A cane toad (D)
  An orange demon (D)
  A komodo dragon (D)
  4 yaktaurs (D)
  3 ice devils (D)
  7 trolls (D)
  5 guardian mummies (D)
  A jumping spider (D)
  2 wandering mushrooms (D)
  3 polar bears (D)
  6 red devils (D)
  A wind drake (D)
  A merfolk (D)
  A tyrant leech (D)
  2 hornets (D)
  A bog body (D)
  7 redbacks (D)
  A spriggan (D)
  2 vampires (D)
  3 tarantellas (D)
  A flying skull (D)
  An air elemental (D)
  A ynoxinul (D)
  4 water elementals (D)
  4 golden eyes (D)
  A steam dragon (D)
  A neqoxec (D)
  2 wargs (D)
  Menkaure (D)
  An acid dragon (D)
  7 hell hounds (D)
  2 swamp drakes (D)
  A black bear (D)
  A sky beast (D)
  9 ogres (D)
  2 eyes of draining (D)
  A phantom (D)
  A necrophage (D)
  A centaur (D)
  A bullfrog (D)
  A big kobold (D)
  A gnoll sergeant (D)
  An earth elemental (D)
  A scorpion (D)
  6 killer bees (D)
  2 small abominations (D)
  A jelly (D)
  A hound (D)
  An iron imp (D)
  A worker ant zombie (D)
  6 gnolls (D)
  An adder (D)
  2 white imps (D)
  3 oozes (D)
  2 adder zombies (D)
  An orc (D)
  2 bat skeletons (D)
  3 bat zombies (D)
  A giant cockroach (D)
  2 jackals (D)
  2 quokkas (D)
  2 ball pythons (D)
  A ball python simulacrum (D)
  3 ball python skeletons (D)
  A ball python zombie (D)
  2 bats (D)
  5 bat simulacra (D)
  4 giant cockroach simulacra (D)
  A giant cockroach zombie (D)
  A jackal skeleton (D)
  4 jackal zombies (D)
  A kobold (D)
  2 quokka simulacra (D)
  4 quokka skeletons (D)
  2 quokka zombies (D)
  A rat (D)
554 creatures vanquished.

Vanquished Creatures (others)
  2 deep elf master archers (D)
  A mummy priest (D)
  A deep elf mage (D)
  A worker ant zombie (D)
  A jackal (D)
  A quokka simulacrum (D)
7 creatures vanquished.

Grand Total: 561 creatures vanquished

Notes
Turn   | Place    | Note
-------+----------+-------------------------------------------
     0 | D        | pasperui the Naga Fighter began the quest for the Orb.
     0 | D        | Reached XP level 1. HP: 21/21 MP: 1/1
    20 | D        | Found a bloodstained altar of Trog.
    20 | D        | Found a shimmering blue altar of Sif Muna.
    20 | D        | Found a viscous altar of Jiyva.
    20 | D        | Found a hazy altar of Hepliaklqana.
    20 | D        | Found an opulent altar of Gozag.
    26 | D        | Found a glowing golden altar of the Shining One.
    26 | D        | Found a glowing silver altar of Zin.
    26 | D        | Found a basalt altar of Yredelemnul.
    26 | D        | Found a shimmering altar of Xom.
    26 | D        | Found an ornate altar of the Wu Jian Council.
    26 | D        | Found a sacrificial altar of Ru.
    26 | D        | Found a stormy altar of Qazlal.
    26 | D        | Found an iron altar of Okawaru.
    26 | D        | Found a sparkling altar of Nemelex Xobeh.
    26 | D        | Found a burning altar of Makhleb.
    26 | D        | Found a blossoming altar of Fedhas.
    26 | D        | Found a white marble altar of Elyvilon.
    26 | D        | Found a shadowy altar of Dithmenos.
    26 | D        | Found a snail-covered altar of Cheibriados.
    27 | D        | Found a radiant altar of Vehumet.
    27 | D        | Found a corrupted altar of Lugonu.
    27 | D        | Found a roughly hewn altar of Beogh.
    28 | D        | Found a hide-covered altar of Uskayaw.
    28 | D        | Found an ancient bone altar of Kikubaaqudgha.
    28 | D        | Found a shattered altar of Ashenzari.
    34 | D        | Became a worshipper of Cheibriados the Contemplative
    60 | D        | Reached XP level 2. HP: 10/28 MP: 2/2
    78 | D        | Reached * piety under Cheibriados
   252 | D        | Reached skill level 5 in Long Blades
   260 | D        | Reached ** piety under Cheibriados
   488 | D        | Noticed a sky beast
   497 | D        | Killed a sky beast
   497 | D        | Reached *** piety under Cheibriados
   497 | D        | Reached XP level 3. HP: 31/34 MP: 3/3
   497 | D        | Reached XP level 4. HP: 38/42 MP: 4/4
   500 | D        | Reached XP level 5. HP: 37/49 MP: 5/5
   548 | D        | Noticed a warg
   549 | D        | Noticed Menkaure
   550 | D        | Noticed a bullfrog
   556 | D        | Reached **** piety under Cheibriados
   559 | D        | Killed a warg
   559 | D        | Reached XP level 6. HP: 52/56 MP: 5/12
   562 | D        | Killed Menkaure
   562 | D        | Reached ***** piety under Cheibriados
   562 | D        | Reached skill level 10 in Invocations
   566 | D        | Reached XP level 7. HP: 38/62 MP: 5/15
   728 | D        | Reached skill level 5 in Fighting
   731 | D        | Noticed a spriggan rider
   732 | D        | Killed a hornet
   732 | D        | Reached ****** piety under Cheibriados
   733 | D        | Killed a spriggan
   733 | D        | Reached XP level 8. HP: 50/85 MP: 10/16
   864 | D        | Reached skill level 1 in Dodging
   869 | D        | Noticed a guardian mummy
   873 | D        | Killed a guardian mummy
   873 | D        | Reached skill level 5 in Dodging
  1026 | D        | Noticed a deep elf mage
  1032 | D        | Noticed a redback
  1033 | D        | Noticed a smoke demon
  1036 | D        | Killed a deep elf mage
  1036 | D        | Reached skill level 5 in Armour
  1113 | D        | Noticed Harold
  1113 | D        | Noticed a sea snake
  1113 | D        | Noticed a black mamba
  1114 | D        | Killed a black mamba
  1114 | D        | Reached XP level 9. HP: 88/92 MP: 17/17
  1115 | D        | Killed a sea snake
  1115 | D        | Reached skill level 10 in Armour
  1118 | D        | Killed Harold
  1179 | D        | Noticed a sea snake
  1179 | D        | Noticed an emperor scorpion
  1190 | D        | Noticed an unseen horror
  1208 | D        | Reached XP level 10. HP: 94/99 MP: 18/18
  1223 | D        | Killed an unseen horror
  1225 | D        | Noticed a cyclops
  1230 | D        | Killed a cyclops
  1358 | D        | Noticed a catoblepas
  1386 | D        | Killed a catoblepas
  1386 | D        | Reached skill level 10 in Dodging
  1408 | D        | Reached skill level 10 in Long Blades
  1429 | D        | Noticed a gargoyle
  1429 | D        | Noticed a black mamba
  1436 | D        | Killed a black mamba
  1437 | D        | Killed a gargoyle
  1492 | D        | Noticed a lindwurm
  1494 | D        | Reached XP level 11. HP: 102/106 MP: 19/19
  1500 | D        | Killed a lindwurm
  1580 | D        | Noticed Maurice
  1585 | D        | Killed Maurice
  1683 | D        | Noticed an unseen horror
  1700 | D        | Killed an unseen horror
  1700 | D        | Reached skill level 15 in Long Blades
  1767 | D        | Noticed a hell hog
  1767 | D        | Noticed a hell hog
  1767 | D        | Noticed a hell hog
  1769 | D        | Killed a hell hog
  1769 | D        | Killed a hell hog
  1769 | D        | Killed a hell hog
  2006 | D        | Noticed a sun demon
  2014 | D        | Killed a sun demon
  2014 | D        | Reached XP level 12. HP: 56/115 MP: 14/20
  2212 | D        | Noticed a sun demon
  2216 | D        | Killed a sun demon
  2270 | D        | Noticed a deep elf demonologist
  2270 | D        | Noticed a balrug
  2270 | D        | Noticed a deep elf high priest
  2270 | D        | Noticed Snorg
  2270 | D        | Noticed an anaconda
  2271 | D        | Identified the +8 hand axe of Disharmony {freeze, +Blink
                  | rElec rPois SInv}
  2272 | D        | Killed a deep elf high priest
  2272 | D        | Reached skill level 10 in Stealth
  2272 | D        | Killed an anaconda
  2273 | D        | Killed a deep elf demonologist
  2273 | D        | Killed a balrug
  2274 | D        | Killed Snorg
  2277 | D        | Got the +5 mace of Inquiry {elec, +Rage Int+9 Dex+4}
  2328 | D        | Noticed a catoblepas
  2328 | D        | Noticed a cacodemon
  2331 | D        | Reached skill level 10 in Fighting
  2339 | D        | Killed a cacodemon
  2359 | D        | Killed a catoblepas
  2361 | D        | Noticed a fire dragon
  2362 | D        | Gained mutation: You can use your snake-like lower body to
                  | constrict enemies. [Naga growth]
  2362 | D        | Reached XP level 13. HP: 73/133 MP: 8/21
  2404 | D        | Identified the +0 ring mail of the Amoeba {rC++}
  2404 | D        | Noticed a deep elf blademaster
  2414 | D        | Killed a deep elf blademaster
  2418 | D        | Reached skill level 15 in Fighting
  2434 | D        | Killed a fire dragon
  2589 | D        | Noticed a fire dragon
  2590 | D        | Noticed a ghost moth
  2594 | D        | Killed a ghost moth
  2594 | D        | Noticed an orc warlord
  2598 | D        | Killed a fire dragon
  2598 | D        | Noticed an orc warlord
  2605 | D        | Killed an orc warlord
  2605 | D        | Killed an orc warlord
  2615 | D        | Reached XP level 14. HP: 72/162 MP: 9/22
  2936 | D        | Got the +3 crystal plate armour "Gonleako" {rC+ MR+ Slay+3
                  | Stlth-}
  2939 | D        | Got the cursed +1 leather armour of the Bells {rPois}
  2985 | D        | Found the +8 robe of Folly {Archmagi, MR- EV-8 Int+8 Slay+8
                  | Stlth--}
  3026 | D        | Noticed a deep elf blademaster
  3026 | D        | Noticed a purple draconian monk
  3031 | D        | Killed a deep elf blademaster
  3035 | D        | Killed a purple draconian monk
  3277 | D        | Noticed a titan
  3277 | D        | Noticed a vampire knight
  3280 | D        | Killed a vampire knight
  3280 | D        | Noticed a purple draconian
  3281 | D        | Reached skill level 15 in Invocations
  3282 | D        | Noticed a frost giant
  3286 | D        | Killed a purple draconian
  3290 | D        | Killed a titan
  3298 | D        | Killed a frost giant
  3505 | D        | Reached XP level 15. HP: 101/169 MP: 23/28
  3660 | D        | Noticed Aizul
  3660 | D        | Noticed a storm dragon
  3663 | D        | Killed Aizul
  3666 | D        | Killed a storm dragon
  3667 | D        | Noticed a golden dragon
  3679 | D        | Killed a golden dragon
  3681 | D        | Noticed a daeva
  3690 | D        | HP: 8/169 [daeva/divine providence (12)]
  3704 | D        | Killed a daeva
  3957 | D        | Noticed a deep elf master archer
  3959 | D        | Killed a deep elf master archer
  4148 | D        | Noticed a frost giant
  4148 | D        | Noticed a balrug
  4151 | D        | Killed a balrug
  4153 | D        | Killed a frost giant
  4277 | D        | Got the +3 demon trident of the Sea {freeze, rC+ Str+3
                  | Int-4}
  4280 | D        | Got the +0 pair of gloves of Restlessness {+Fly Regen+
                  | Dex-5}
  4312 | D        | Got the +0 hat of Fun and Games {rN++ Regen+ Int-3}
  4428 | D        | Noticed a titan
  4430 | D        | Reached skill level 5 in Throwing
  4431 | D        | Reached skill level 10 in Throwing
  4431 | D        | Reached XP level 16. HP: 177/177 MP: 18/29
  4432 | D        | Reached skill level 1 in Evocations
  4432 | D        | Reached skill level 5 in Evocations
  4433 | D        | Killed a titan
  4434 | D        | Reached skill level 10 in Evocations
  4522 | D        | Got a silver rune of Zot
  4555 | D        | Got the +7 scimitar "Gawaxt" {drain, Str+4 Int+4}
  4655 | D        | Noticed a nagaraja
  4658 | D        | Noticed a sphinx
  4660 | D        | Killed a nagaraja
  4673 | D        | Killed a sphinx
  4758 | D        | Noticed a Shadow Fiend
  4784 | D        | Reached XP level 17. HP: 186/186 MP: 30/30
  4864 | D        | Got the Reference Book on Toxins
  4938 | D        | Got the ring "Raos" {Wiz rElec Str+3 Dex+4}
  4940 | D        | Got the ring "Tyojei" {rF+ rC+ AC+6 Int+2}
  4942 | D        | Got the ring "Sogid" {rC+ Str+6}
  4944 | D        | Got the ring "Qyipto" {+Blink rC+ rN+ MR++ Dex-4}
  4946 | D        | Got the ring of Qerakoci {Fire Int+6}
  4949 | D        | Got the ring "Viwn" {rN+ Str+6}
  4969 | D        | Got the ring of the Thoughtful Lovers {rElec SInv}
  4973 | D        | Got the ring "Wearioc" {Wiz rElec Slay+2}
  4975 | D        | Got the ring of Codgh {Int+6 Dex+6}
  4977 | D        | Got the ring of Mirth {rF+ EV+6 Int+4 Dex-4 Stlth+}
  4979 | D        | Got the ring of Cetegian {rPois Str+3 Int+6}
  5017 | D        | Got the amulet "Faor" {Reflect rC+ Slay+2 SH+4}
  5022 | D        | Got the amulet of Ixkokk {RegenMP +Blink rPois Dex+4}
  5024 | D        | Got the amulet "Haogoz" {RegenMP *Drain Dex+3 Slay+6}
  5032 | D        | Got the ring of Ynlunu {+Fly rPois rF+ rC++ Stlth-}
  5117 | D        | Noticed a hellephant
  5117 | D        | Noticed a Shadow Fiend
  5121 | D        | Killed a Shadow Fiend
  5121 | D        | Noticed a deep elf master archer
  5123 | D        | Reached skill level 10 in Spellcasting
  5125 | D        | Killed a hellephant
  5128 | D        | Killed a deep elf master archer
  5183 | D        | Noticed an Orb Guardian
  5183 | D        | Noticed an Orb Guardian
  5183 | D        | Noticed an Orb Guardian
  5183 | D        | Noticed an Orb Guardian
  5183 | D        | Noticed an ancient lich
  5184 | D        | Noticed an Orb Guardian
  5185 | D        | Killed an Orb Guardian
  5185 | D        | Killed an Orb Guardian
  5185 | D        | Killed an Orb Guardian
  5185 | D        | Killed an Orb Guardian
  5185 | D        | Reached skill level 15 in Spellcasting
  5185 | D        | Killed an Orb Guardian
  5186 | D        | Noticed a sphinx
  5192 | D        | Killed an ancient lich
  5192 | D        | Reached skill level 15 in Armour
  5192 | D        | Noticed a hellephant
  5196 | D        | Noticed Dissolution
  5196 | D        | Noticed an Orb Guardian
  5196 | D        | Noticed Nikola
  5196 | D        | Noticed Mennas
  5199 | D        | Killed a sphinx
  5200 | D        | Killed an Orb Guardian
  5200 | D        | Noticed a titan
  5202 | D        | Killed Mennas
  5202 | D        | Reached XP level 18. HP: 75/199 MP: 8/38
  5208 | D        | Killed Dissolution
  5214 | D        | Killed Nikola
  5216 | D        | Killed a hellephant
  5217 | D        | Killed a titan
  5443 | D        | Noticed an Orb Guardian
  5458 | D        | Killed an Orb Guardian
  5571 | D        | Noticed Zoseseat the pandemonium lord
  5591 | D        | Killed Zoseseat the pandemonium lord
  5779 | D        | Noticed an Orb Guardian
  5779 | D        | Noticed an Orb Guardian
  5779 | D        | Noticed an Orb Guardian
  5782 | D        | Killed an Orb Guardian
  5782 | D        | Reached skill level 15 in Dodging
  5790 | D        | Killed an Orb Guardian
  5793 | D        | Killed an Orb Guardian
  5796 | D        | Noticed an electric golem
  5796 | D        | Noticed a Brimstone Fiend
  5797 | D        | Noticed Jennaclo the pandemonium lord
  5799 | D        | Noticed a Killer Klown
  5801 | D        | Killed an electric golem
  5802 | D        | Killed a Brimstone Fiend
  5802 | D        | Killed a Killer Klown
  5805 | D        | Noticed Jevaip the pandemonium lord
  5990 | D        | Killed Jennaclo the pandemonium lord
  6017 | D        | Noticed Boris
  6032 | D        | Killed Boris
  6048 | D        | Noticed an Orb Guardian
  6053 | D        | Noticed an Orb Guardian
  6055 | D        | Noticed an Orb Guardian
  6068 | D        | Killed an Orb Guardian
  6068 | D        | Reached XP level 19. HP: 184/208 MP: 39/39
  6075 | D        | Killed an Orb Guardian
  6085 | D        | Killed an Orb Guardian
  6112 | D        | Noticed an ancient lich
  6114 | D        | Noticed an Orb Guardian
  6129 | D        | Killed an ancient lich
  6135 | D        | Noticed an Orb Guardian
  6155 | D        | Noticed an Orb Guardian
  6156 | D        | Noticed an Orb Guardian
  6160 | D        | Killed an Orb Guardian
  6164 | D        | Noticed an Orb Guardian
  6165 | D        | Killed an Orb Guardian
  6165 | D        | Noticed an Orb Guardian
  6177 | D        | Noticed an Orb Guardian
  6178 | D        | Killed an Orb Guardian
  6181 | D        | Noticed a Brimstone Fiend
  6181 | D        | Noticed an electric golem
  6181 | D        | Noticed an Orb Guardian
  6181 | D        | Noticed an Orb Guardian
  6181 | D        | Noticed an Orb Guardian
  6181 | D        | Noticed an Orb Guardian
  6181 | D        | Noticed an Orb Guardian
  6181 | D        | Noticed an Orb Guardian
  6182 | D        | Noticed Titz the pandemonium lord
  6184 | D        | Killed an Orb Guardian
  6184 | D        | Killed an Orb Guardian
  6184 | D        | Killed an Orb Guardian
  6184 | D        | Reached skill level 27 in Fighting
  6184 | D        | Killed an Orb Guardian
  6184 | D        | Killed an Orb Guardian
  6184 | D        | Reached skill level 27 in Long Blades
  6184 | D        | Killed an Orb Guardian
  6185 | D        | Killed an Orb Guardian
  6186 | D        | Killed an Orb Guardian
  6188 | D        | Killed an Orb Guardian
  6188 | D        | Killed an electric golem
  6190 | D        | Noticed Margery
  6194 | D        | Noticed a Brimstone Fiend
  6195 | D        | Killed Titz the pandemonium lord
  6197 | D        | Noticed Louise
  6198 | D        | Killed an Orb Guardian
  6198 | D        | Reached XP level 20. HP: 178/236 MP: 7/40
  6207 | D        | Killed a Brimstone Fiend
  6211 | D        | Killed Margery
  6215 | D        | Killed Louise
  6218 | D        | Noticed a Shadow Fiend
  6223 | D        | Killed a Brimstone Fiend
  6231 | D        | Killed a Shadow Fiend
  6378 | D        | Noticed a pearl dragon
  6378 | D        | Noticed an orb of fire
  6380 | D        | Gained mutation: You possess an exceptional clarity of
                  | mind. [an orb of fire]
  6381 | D        | Gained mutation: You passively map a small area around you.
                  | [an orb of fire]
  6382 | D        | Killed an orb of fire
  6382 | D        | Reached skill level 27 in Stealth
  6384 | D        | Killed a pearl dragon
  6633 | D        | Noticed a golden dragon
  6646 | D        | Killed a golden dragon
  6701 | D        | Noticed a hellephant
  6708 | D        | Noticed a greater mummy
  6713 | D        | Killed a hellephant
  6713 | D        | Reached skill level 27 in Armour
  6720 | D        | Killed a greater mummy
  6809 | D        | Noticed Jory
  6812 | D        | Reached skill level 27 in Dodging
  6815 | D        | Killed Jory
  6815 | D        | Reached skill level 15 in Evocations
  6831 | D        | Reached XP level 21. HP: 239/244 MP: 10/41
  6972 | D        | Got the ring "Xangaugo" {rF+ MR+ Int+2 Slay-6}
  7096 | D        | Got the +5 triple sword "Bawaeron" {slice, Fragile MR+
                  | Dex+2}
  7106 | D        | Learned a level 3 spell: Mephitic Cloud
  7109 | D        | Learned a level 2 spell: Blink
  7119 | D        | Got the +9 demon blade of Kismet {vamp, Str+2 Dex+4}
  7180 | D        | Reached skill level 5 in Shields
  7183 | D        | Noticed Frederick
  7186 | D        | Killed Frederick
  7196 | D        | Reached skill level 10 in Shields
  7209 | D        | Noticed the 27-headed Lernaean hydra
  7209 | D        | Noticed an orb of fire
  7209 | D        | Noticed a pearl dragon
  7213 | D        | Killed a pearl dragon
  7214 | D        | Killed an orb of fire
  7214 | D        | Reached skill level 15 in Shields
  7215 | D        | Killed the 27-headed Lernaean hydra
  7230 | D        | Noticed Geryon
  7239 | D        | Killed Geryon
  7304 | D        | Reached skill level 10 in Translocations
  7313 | D        | Noticed Xtahua
  7317 | D        | Killed Xtahua
  7318 | D        | Found the +6 fire dragon scales of Xtahua {rF+++ rC- MR+}
  7334 | D        | Reached skill level 15 in Translocations
  7349 | D        | Noticed a pearl dragon
  7353 | D        | Killed a pearl dragon
  7408 | D        | Noticed a pearl dragon
  7413 | D        | Killed a pearl dragon
  7413 | D        | Reached XP level 22. HP: 248/254 MP: 43/45
  7560 | D        | Noticed a greater mummy
  7567 | D        | Killed a greater mummy
  7787 | D        | Noticed Ereshkigal
  7812 | D        | Killed Ereshkigal
  8045 | D        | Noticed an orb of fire
  8050 | D        | Killed an orb of fire
  8059 | D        | Noticed a greater mummy
  8059 | D        | Noticed an ancient lich
  8072 | D        | Killed an ancient lich
  8072 | D        | Reached skill level 27 in Spellcasting
  8072 | D        | HP: 9/254 [??? (4)]
  8080 | D        | Killed a greater mummy
  8350 | D        | Reached skill level 15 in Conjurations
  8432 | D        | Got the ring "Nimup" {rF++ Dex-2 SInv Stlth+}
  8436 | D        | Got the +2 pair of gloves of Too Many Cooks {rPois rF+
                  | Str+3 Dex-4}
  8445 | D        | Got an iron rune of Zot
  8546 | D        | Noticed a golden dragon
  8551 | D        | Killed a golden dragon
  8560 | D        | Noticed a greater mummy
  8566 | D        | Killed a greater mummy
  8586 | D        | Noticed Ignacio
  8591 | D        | Killed Ignacio
  8591 | D        | Reached XP level 23. HP: 234/262 MP: 54/54
  8654 | D        | Noticed a greater mummy
  8655 | D        | Found the +4 moon troll leather armour {Spirit, Regen++
                  | rCorr MP+5}
  8656 | D        | Noticed an ancient lich
  8656 | D        | Noticed an ancient lich
  8656 | D        | Noticed an ancient lich
  8656 | D        | Noticed a greater mummy
  8656 | D        | Identified the +5 glaive of Intimidation {drain, Dex+4}
  8659 | D        | Killed an ancient lich
  8660 | D        | Killed an ancient lich
  8660 | D        | Killed an ancient lich
  8662 | D        | Reached skill level 27 in Shields
  8663 | D        | Killed a greater mummy
  8664 | D        | Killed a greater mummy
  8745 | D        | Reached skill level 5 in Poison Magic
  8762 | D        | Reached skill level 10 in Poison Magic
  8804 | D        | Got a golden rune of Zot
  9004 | D        | Got the Orb of Zot
  9091 | D        | Escaped with the Orb!

Skill      XL: |  1  2  3  4  5  6  7  8  9 10 11 12 13 14 15 16 17 18 19 20 21 22 23 |
---------------+----------------------------------------------------------------------+-----
Long Blades    | 4 9 11 17 18 21 23 26 27 | 27.0
Invocations    | 8 11 18 | 18.3
Fighting       | 9 13 20 21 22 27 | 27.0
Dodging        | 5 10 14 20 25 27 | 27.0
Armour         | 7 11 12 14 18 23 27 | 27.0
Stealth        | 17 27 | 27.0
Throwing       | 10 14 | 14.3
Evocations     | 14 17 21 | 21.3
Spellcasting   | 16 19 27 | 27.0
Shields        | 17 22 27 | 27.0
Translocations | 17 | 17.0
Conjurations   | 16 23 | 23.6
Poison Magic   | 14 | 14.8

Action                   |  1- 3 |  4- 6 |  7- 9 | 10-12 | 13-15 | 16-18 | 19-21 | 22-24 || total
-------------------------+-------+-------+-------+-------+-------+-------+-------+-------++-------
Melee: Falchion          |    39 |     2 |       |       |       |       |       |       ||    41
       Long sword        |     2 |    14 |    18 |       |       |       |       |       ||    34
       Scimitar          |       |       |    25 |    78 |       |       |       |       ||   103
       Great sword       |       |       |       |    16 |   153 |   178 |   233 |   116 ||   696
       Constrict         |       |       |       |       |    29 |    24 |    28 |    24 ||   105
       Triple sword      |       |       |       |       |       |       |       |    57 ||    57
Throw: Stone             |       |       |       |       |     4 |     3 |    24 |     3 ||    34
Invok: Slouch            |       |       |     7 |    23 |    45 |    37 |    40 |    16 ||   168
       Temporal Distorti |       |       |       |     1 |       |     1 |       |       ||     2
 Abil: Spit Poison       |     5 |     1 |     4 |    10 |    12 |       |     3 |       ||    35
  Use: Potion            |       |     1 |       |       |    10 |     6 |     1 |     2 ||    20
       Scroll            |       |       |       |       |       |    11 |       |     1 ||    12
 Stab: Petrified         |       |       |       |     5 |       |       |       |       ||     5
       Petrifying        |       |       |       |     2 |       |       |       |       ||     2
       Distracted        |       |       |       |       |     2 |       |       |     1 ||     3
       Sleeping          |       |       |       |       |       |       |     7 |     7 ||    14
  Eat: Chunk             |       |       |     1 |     3 |    15 |     5 |     1 |       ||    25
       Ration            |       |       |       |     1 |     1 |       |     2 |     2 ||     6
Armor: Scale mail        |    22 |     6 |    15 |    35 |    16 |       |       |       ||    94
       Gold dragon scale |       |       |       |       |    33 |    90 |    82 |    66 ||   271
       Chain mail        |       |       |       |       |     4 |       |       |       ||     4
Dodge: Dodged            |    18 |     7 |    29 |    99 |    63 |   106 |   168 |   154 ||   644
Block: Medium shield     |    23 |       |       |       |       |       |       |       ||    23
       Other             |     1 |     2 |    10 |    42 |    78 |    94 |   188 |   159 ||   574
       Reflection        |       |       |       |       |       |     3 |     6 |     5 ||    14
